Map: 大气2000-天梯版

Players

llllllllllll (Coffee)

  • Race: Terran Terran
  • League: Master

cyan - Winner!

  • Race: Protoss Protoss
  • League: Grandmaster

Event: DreamHack SC2 Masters 2021 Winter

VOD

Have the link to the VOD?

Description

Time

  • Played on: Oct. 10, 2021, 7:21 a.m.
  • Length: 9:52

All games in this series

Show
View Real Time Build Order
Export as new Build Order

llllllllllll Terran 

Build Orders: 1/1/1 

Get SALT Encoding   

  12  0:00  SCV  
  13  0:12  SCV  
  14  0:17  Supply Depot  
  14  0:24  SCV  
  14  0:27  Refinery  
  15  0:38  SCV  
  16  0:46  Barracks  
  16  0:50  SCV  
  17  1:02  SCV  
  18  1:08  Engineering Bay  
  18  1:15  SCV  
  19  1:33  Factory, Marine  
  20  1:41  Orbital Command  
  20  1:52  Barracks Reactor  
  20  1:56  Supply Depot  
  20  2:08  SCV  
  21  2:18  Hellion  
  21  2:20  SCV  
  24  2:24  Starport  
  24  2:28  Marine x2  
  26  2:30  Supply Depot  
  26  2:33  SCV  
  27  2:40  Hellion  
  29  2:46  SCV, Marine  
  31  2:52  Marine  
  32  3:01  Medivac  
  32  3:03  Hellion  
  32  3:04  Marine  
  37  3:07  Supply Depot  
  37  3:09  Marine  
  38  3:13  SCV  
  39  3:29  Widow Mine, Marine x2  
  43  3:39  Command Center  
  42  3:50  Widow Mine  
  44  3:59  SCV  
  44  4:02  Barracks  
  45  4:06  Supply Depot  
  45  4:14  Marine x2  
  38  4:21  Barracks  
  34  4:33  SCV  
  34  4:34  Marine x2  
  34  4:43  Refinery  
  29  4:45  SCV  
  29  4:50  Barracks Tech Lab  
  29  4:52  Marine x2, Orbital Command  
  32  4:58  SCV  
  33  5:02  Orbital Command  
  33  5:09  Stimpack, Barracks Tech Lab, Marine x2  
  33  5:10  Marauder  
  33  5:11  Factory  
  33  5:13  SCV  
  38  5:15  Starport Reactor  
  38  5:26  SCV  
  38  5:27  Marine x2  
  41  5:30  Marine  
  41  5:35  Concussive Shells, Orbital Command  
  42  5:36  Marauder  
  42  5:38  SCV  
  45  5:45  Marine x2  
  46  5:50  SCV  
  46  5:53  Marine  
  46  5:57  Marine  
  48  5:58  Bunker  
  48  6:02  SCV, Bunker  
  48  6:03  Marine x2  
  49  6:05  Medivac x2  
  52  6:14  SCV  
  52  6:17  Marauder x2  
  52  6:19  Factory Tech Lab  
  52  6:22  SCV  
  52  6:23  Marine x2  
  55  6:26  SCV  
  55  6:28  Refinery  
  55  6:29  Supply Depot  
  56  6:34  SCV  
  57  6:42  SCV  
  57  6:46  SCV  
  59  6:50  Marauder  
  59  6:52  Marauder, Marine x2  
  63  6:54  SCV  
  63  6:57  Supply Depot  
  63  6:58  SCV  
  68  7:01  Siege Tank  
  68  7:03  Refinery  
  68  7:09  Supply Depot, SCV  
  68  7:10  SCV, Marine x2  
  72  7:15  Combat Shield  
  72  7:19  Marine x2  
  72  7:21  SCV  
  76  7:22  SCV  
  76  7:27  Supply Depot  
  76  7:30  Engineering Bay  
  76  7:33  SCV  
  76  7:34  Marine x2  
  76  7:35  SCV  
  80  7:39  Siege Tank  
  83  7:49  Medivac x2  
  87  7:56  Marauder x2  
  87  7:57  Marine  
  92  8:01  Supply Depot  
  92  8:12  Siege Tank  
  87  8:24  Marine x2  
  87  8:25  Marauder x2  
  91  8:31  Medivac  
  91  8:32  Medivac  
  90  8:43  SCV x2  
  90  8:46  Command Center  
  92  8:51  Siege Tank  
  92  8:52  Marine x2  
  97  8:57  Marauder  
  97  8:59  Marauder  
  101  9:03  Supply Depot  
  101  9:12  Viking x2  
  105  9:17  Supply Depot  
  109  9:41  Supply Depot  
Show
View Real Time Build Order
Export as new Build Order

cyan Protoss - Winner!

Build Orders: 1 Gate Expand, Blink Stalkers 

Get SALT Encoding   

  12  0:00  Probe  
  13  0:12  Probe  
  14  0:17  Pylon  
  14  0:24  Probe (Chrono Boost)  
  15  0:36  Gateway, Probe (Chrono Boost)  
  16  0:44  Probe (Chrono Boost)  
  16  0:46  Assimilator  
  17  0:51  Probe  
  18  1:03  Probe  
  19  1:15  Probe  
  20  1:24  Cybernetics Core  
  20  1:32  Nexus  
  20  1:35  Probe  
  21  1:42  Pylon  
  21  1:47  Probe  
  21  1:53  Assimilator  
  22  1:57  Adept (Chrono Boost)  
  22  1:59  Probe  
  24  2:04  Warp Gate  
  24  2:11  Probe  
  25  2:18  Adept (Chrono Boost)  
  27  2:23  Probe  
  28  2:30  Twilight Council  
  28  2:35  Probe  
  29  2:40  Stalker  
  29  2:44  Probe  
  32  2:47  Probe  
  33  2:56  Probe  
  33  2:57  Gateway  
  34  3:00  Probe  
  34  3:05  Blink (Chrono Boost)  
  35  3:08  Probe  
  36  3:16  Probe  
  37  3:21  Probe  
  37  3:24  Shield Battery  
  37  3:25  Robotics Facility  
  38  3:28  Probe  
  39  3:44  Pylon  
  30  3:57  Stalker  
  30  3:58  Stalker  
  30  4:02  Probe  
  35  4:05  Probe  
  35  4:14  Probe  
  36  4:21  Stalker  
  28  4:32  Stalker  
  28  4:33  Probe  
  28  4:35  Probe  
  32  4:45  Probe  
  32  4:47  Probe (Chrono Boost)  
  33  4:53  Stalker  
  33  4:57  Observer  
  37  5:04  Probe (Chrono Boost)  
  37  5:05  Probe (Chrono Boost)  
  38  5:11  Stalker, Probe (Chrono Boost)  
  38  5:12  Probe  
  42  5:22  Probe (Chrono Boost)  
  42  5:26  Probe (Chrono Boost)  
  44  5:34  Observer, Probe (Chrono Boost)  
  46  5:39  Pylon  
  46  5:43  Pylon  
  46  5:52  Robotics Bay, Assimilator  
  48  5:57  Assimilator, Probe x2  
  48  6:09  Probe x2  
  48  6:20  Stalker x2  
  48  6:21  Probe x2 (Chrono Boost)  
  54  6:33  Probe x2 (Chrono Boost)  
  54  6:35  Pylon  
  54  6:39  Colossus (Chrono Boost)  
  54  6:42  Probe x2 (Chrono Boost)  
  60  6:47  Probe x2  
  60  6:52  Stalker  
  56  6:55  Stalker  
  56  6:59  Probe x2  
  56  7:00  Shield Battery  
  60  7:06  Extended Thermal Lance  
  60  7:11  Probe  
  60  7:12  Gateway  
  61  7:16  Gateway  
  61  7:21  Sentry  
  61  7:22  Stalker  
  65  7:35  Pylon  
  65  7:39  Gateway, Pylon  
  65  7:44  Gateway, Sentry  
  65  7:45  Stalker  
  69  7:53  Colossus (Chrono Boost)  
  75  7:59  Pylon  
  75  8:06  Sentry  
  76  8:14  Stalker  
  76  8:17  Stalker x2  
  80  8:38  Stalker x2  
  80  8:41  Probe  
  85  8:43  Pylon  
  85  8:45  Pylon  
  85  8:48  Probe  
  86  8:53  Probe  
  86  8:58  Nexus, Pylon  
  86  9:01  Observer  
  87  9:02  Sentry  
  87  9:03  Sentry  
  87  9:04  Zealot  
  87  9:05  Zealot x2  
  87  9:08  Observer  
  87  9:09  Stalker  
  99  9:27  Zealot x5  
  107  9:38  Zealot  
  107  9:52  Pylon  

Tags
 
Add a new tag
Caveats
  • Supply blocks, unpowered buildings, or Contaminate may cause inaccurate times.
  • Supply counts are checked every 10 seconds.